 Dungeon Crawl Stone Soup version 0.25-a0-1056-g2efb326896 (webtiles) character file.

Game seed: 7981872183811841712, levelgen mode: deterministic

3397 MisterFreud the Carver (level 10, -7/68 HPs)
             Began as an Octopode Gladiator on May 13, 2020.
             Was a Follower of Cheibriados.
             Mangled by an ogre
             ... wielding a +0 giant club
              (26 damage)
             ... on level 11 of the Dungeon.
             The game lasted 00:13:19 (9224 turns).

MisterFreud the Carver (Octopode Gladiator)         Turns: 9224, Time: 00:13:20

Health: -7/68      AC:  5    Str: 17    XL:     10   Next: 4%
Magic:  10/10      EV: 19    Int: 15    God:    Cheibriados [*.....]
Gold:   350        SH:  0    Dex: 15    Spells: 9/9 levels left

rFire    . . .     SeeInvis .   a - +1 long sword
rCold    . . .     Gourm    .   (no shield)
rNeg     . . .     Faith    .   b - +0 hat
rPois    .         Spirit   .   (no amulet)
rElec    .         Reflect  .   l - ring of wizardry
rCorr    .         Harm     .   (no ring)
MR       .....                  x - +4 ring of protection
Stlth    ++........             (no ring)
HPRegen  0.21/turn              (no ring)
MPRegen  0.12/turn              (no ring)
                                (no ring)
                                (no ring)

@: very slow
A: almost no armour, stealthy swim, amphibious, 8 rings, constrict 8, camouflage
1, gelatinous body 1
a: Bend Time, Renounce Religion


You were on level 11 of the Dungeon.
You worshipped Cheibriados.
Cheibriados was aware of your devotion.
You were not hungry.

You visited 2 branches of the dungeon, and saw 11 of its levels.

You collected 350 gold pieces.

Inventory:

Hand Weapons
 a - a +1 long sword (weapon)
Missiles
 c - 4 throwing nets (quivered)
 f - 243 stones
 j - 13 sling bullets
 o - 147 arrows
 r - 11 poisoned darts
 v - 8 boomerangs
Armour
 b - a +0 hat (worn)
Jewellery
 l - a ring of wizardry (left tentacle)
 q - an uncursed ring of ice
 x - a +4 ring of protection (on tentacle)
Wands
 y - a wand of iceblast (7)
Scrolls
 e - 2 scrolls of enchant weapon
 g - a scroll of enchant armour {unknown}
 h - 2 scrolls of fear
 i - 3 scrolls of fog
 k - a scroll of immolation
 n - 2 scrolls of remove curse
 p - 3 scrolls of blinking
 s - a scroll of magic mapping {unknown}
 w - a scroll of teleportation
 G - a scroll of amnesia {unknown}
Potions
 m - 4 potions of degeneration
 t - a potion of flight
 u - a potion of cancellation
 z - a potion of stabbing
 A - a potion of ambrosia {unknown}
 B - 2 potions of magic
 C - 3 potions of brilliance
 E - 2 potions of mutation
 F - a potion of heal wounds
 H - a potion of might
 I - a potion of invisibility
Comestibles
 d - 15 rations


   Skills:
 - Level 6.0 Fighting
 - Level 10.0 Long Blades
 - Level 2.0 Throwing
 + Level 9.1 Dodging


You had 9 spell levels left.
You didn't know any spells.
Your spell library was empty.

Dungeon Overview and Level Annotations

Branches:
Dungeon (11/15)            Temple (1/1) D:4
   Lair: D:8-11         Orc: D:9-12

Altars:
Ashenzari
Cheibriados
Dithmenos
Elyvilon
Fedhas
Gozag
Hepliaklqana
Kikubaaqudgha
Makhleb
Okawaru
Qazlal
Ru
Sif Muna
Trog
Uskayaw
Vehumet
Wu Jian
Xom
Yredelemnul
Zin
The Shining One

Shops:
D:5 (   D:8 !


Innate Abilities, Weirdness & Mutations

You cannot wear most types of armour.
You are very stealthy in the water. (Stealth+)
You are amphibious.
You can wear up to eight rings at the same time.
You can use your tentacles to constrict eight enemies at once.
Your skin changes colour to match your surroundings (Stealth+).
Your rubbery body absorbs attacks. (AC +1, EV +1)


Message History

The ogre is lightly wounded.
A yak comes into view.
The yak bellows!
You hit the ogre.
The ogre is moderately wounded.
The ogre barely misses you.
A yak comes into view.
You hit the ogre.
The ogre is moderately wounded.
A yak comes into view.
The ogre barely misses you.
You hit the ogre.
The ogre is moderately wounded.
The ogre completely misses you.
The ogre hits you with a +0 giant club!!
The ogre hits you with a +0 giant club!!
* * * LOW HITPOINT WARNING * * *
Unknown command.
The ogre hits you with a +0 giant club!!
You die...

.......##... ...
#......#.. %...
#........#.....
#.......#.#.#.####


You could see 2 yaks and 2 ogres.

Vanquished Creatures
  A troll (D:11)
  A hornet (D:8)
  A hippogriff (D:8)
  A wraith (D:11)
  4 orc warriors
  An ice beast (D:6)
  An ogre (D:4)
  A phantom (D:6)
  4 centaurs
  4 bullfrogs
  4 scorpions
  6 killer bees
  A howler monkey (D:4)
  A crimson imp (D:6)
  3 iron imps (D:3)
  3 orc priests
  2 hounds (D:4)
  2 jellies
  2 iguanas
  4 orc wizards
  8 worker ants
  A hound skeleton (D:4)
  Robin (D:2)
  A howler monkey skeleton (D:6)
  12 adders
  2 shadow imps
  4 worms
  4 dart slugs
  5 leopard geckos
  13 orcs
  4 bats
  7 giant cockroaches
  14 goblins
  13 hobgoblins
  4 jackals (D:3)
  7 kobolds
  3 quokkas
  A ball python (D:1)
  6 frilled lizards
  9 rats
  A butterfly (D:8)
167 creatures vanquished.

Notes
Turn   | Place    | Note
-------+----------+-------------------------------------------
     0 | D:1      | MisterFreud the Octopode Gladiator began the quest for the
                  | Orb.
     0 | D:1      | Reached XP level 1. HP: 14/14 MP: 1/1
    49 | D:1      | Reached XP level 2. HP: 20/20 MP: 2/2
   505 | D:1      | Reached XP level 3. HP: 26/26 MP: 3/3
  1080 | D:2      | Reached XP level 4. HP: 33/33 MP: 4/4
  1104 | D:2      | Noticed Robin
  1131 | D:2      | Killed Robin
  1307 | D:2      | Reached skill level 4 in Long Blades
  1576 | D:2      | Reached XP level 5. HP: 33/37 MP: 5/5
  2264 | D:3      | Found a blossoming altar of Fedhas.
  2372 | D:3      | Found a burning altar of Makhleb.
  2412 | D:3      | Reached skill level 5 in Long Blades
  2422 | D:3      | Reached XP level 6. HP: 7/43 MP: 6/6
  3011 | D:4      | Reached skill level 6 in Long Blades
  3031 | D:4      | Reached XP level 7. HP: 6/48 MP: 7/7
  3569 | D:4      | Reached skill level 5 in Dodging
  4116 | D:4      | Found a staircase to the Ecumenical Temple.
  4129 | Temple   | Entered the Ecumenical Temple
  4288 | D:5      | Entered Level 5 of the Dungeon
  4361 | D:5      | Reached XP level 8. HP: 54/54 MP: 8/8
  4869 | D:5      | Found Ladath's Weapon Shop.
  5950 | D:6      | Reached skill level 5 in Fighting
  6234 | D:6      | Reached skill level 7 in Long Blades
  6234 | D:6      | Reached XP level 9. HP: 26/61 MP: 9/9
  7252 | D:7      | Reached skill level 8 in Long Blades
  8244 | D:8      | Found a snail-covered altar of Cheibriados.
  8254 | D:8      | Became a worshipper of Cheibriados the Contemplative
  8286 | D:8      | Noticed a hornet
  8296 | D:8      | Killed a hornet
  8296 | D:8      | Reached skill level 9 in Long Blades
  8552 | D:8      | Found a runed translucent door.
  8553 | D:8      | Found a runed translucent door.
  8823 | D:8      | Found Adanistosyi's Distillery.
  8827 | D:8      | You fall into a shaft and drop 3 floors!
  8829 | D:11     | Reached skill level 10 in Long Blades
  8832 | D:11     | Noticed a troll
  8838 | D:10     | Entered Level 10 of the Dungeon
  8879 | D:11     | HP: 2/62 [troll (8)]
  8880 | D:11     | Killed a troll
  8880 | D:11     | Reached XP level 10. HP: 35/68 MP: 10/10
  9166 | D:11     | Reached * piety under Cheibriados
  9224 | D:11     | Mangled by an ogre

Illustrated notes

Levels and vault maps discovered:
D:1:      tarquinn_simple_flora_water_f, layout_basic
D:2:      layout_rooms, minmay_bisected, uniq_robin
D:3:      layout_rooms, fedhas_altar_4, demons_altar, first_ration,
          chequers_jeans
D:4:      layout_gridville, minmay_temple_entry_proselytizer,
          grunt_ministairs_14, minivault_19
D:5:      layout_loops_ring, serial_shops, kennysheep_mini, chequers_big_river
D:6:      layout_cave_pods
D:7:      layout_cave_pods
D:8:      lemuel_insect_pit, layout_cave_pools, cheibriados_altar_1,
          lemuel_coloured_pillars_altar, serial_shops, shop
D:10:     layout_cave_pools, minivault_25
D:11:     layout_rooms, basic_altar, serial_shops, kennysheep_little_box,
          david_nohive_1
Temple:   regret_index_temple_mists

Skill      XL: |  1  2  3  4  5  6  7  8  9 10 |
---------------+-------------------------------+-----
Fighting       | 3 4 5 6 |  6.0
Long Blades    | 4 5 6 7 10 | 10.0
Dodging        | 4 6 8 9 |  9.1
Throwing       | |  2.0

Action                   |  1- 3 |  4- 6 |  7- 9 | 10-12 || total
-------------------------+-------+-------+-------+-------++-------
Melee: Long sword        |    43 |   122 |   268 |    14 ||   447
       Constrict         |    16 |    39 |    50 |     5 ||   110
       Tentacles         |     9 |    26 |    79 |     6 ||   120
  Use: Potion            |       |     5 |     4 |       ||     9
       Scroll            |       |       |    15 |       ||    15
 Stab: Sleeping          |    10 |     2 |     3 |       ||    15
       Distracted        |       |     1 |       |       ||     1
  Eat: Chunk             |     1 |     6 |     8 |     1 ||    16
       Ration            |       |       |     3 |       ||     3
Armor: Skin              |     1 |    29 |   117 |     1 ||   148
Dodge: Dodged            |    25 |   102 |   257 |    16 ||   400
       Rpst.: Long sword |     5 |    25 |    79 |     5 ||   114

Table legend:
 A = Non-vault XP
 B = Vault XP
 C = Vault XP percentage of total XP
 D = Non-vault monster count
 E = Vault monster count
 F = Vault count percentage of total count
                 A         B        C        D         E       F
            +---------+---------+-------+---------+---------+-------
      Total |    4401 |     453 |   9.3 |     139 |      27 |  16.3
            +---------+---------+-------+---------+---------+-------
        D:1 |      44 |       0 |   0.0 |      23 |       0 |   0.0
        D:2 |     115 |      39 |  25.3 |      24 |      13 |  35.1
        D:3 |      32 |     126 |  79.7 |      17 |       3 |  15.0
        D:4 |     729 |      46 |   5.9 |      23 |       2 |   8.0
        D:5 |     383 |       0 |   0.0 |       9 |       0 |   0.0
        D:6 |     968 |       0 |   0.0 |      15 |       0 |   0.0
        D:7 |     745 |       0 |   0.0 |      14 |       0 |   0.0
        D:8 |     689 |     242 |  26.0 |       6 |       9 |  60.0
       D:11 |     696 |       0 |   0.0 |       8 |       0 |   0.0
            +---------+---------+-------+---------+---------+-------
